 Dungeon Crawl Stone Soup version 0.21.1-1-g345015fe64 (webtiles) character file.

211 Holzbalken the Cudgeler (level 5, -4/41 HPs)
             Began as a Demonspawn Monk on July 15, 2018.
             Slain by an orc priest
             ... wielding a +0 whip
              (5 damage)
             ... on level 4 of the Dungeon.
             The game lasted 00:14:22 (3714 turns).

Holzbalken the Cudgeler (Demonspawn Monk)           Turns: 3714, Time: 00:14:22

Health: -4/41      AC:  9    Str: 12    XL:     5   Next: 57%
Magic:  5/5        EV:  6    Int: 11    God:
Gold:   140        SH:  0    Dex: 16    Spells: 4/4 levels left

rFire    . . .     SeeInvis .   a - +0 mace
rCold    . . .     Gourm    .   (no shield)
rNeg     . . .     Faith    .   t - +0 chain mail
rPois    .         Spirit   .   g - +0 helmet
rElec    .         Reflect  .   (no cloak)
rCorr    .         Harm     .   (no gloves)
MR       .....                  (no boots)
Stlth    ..........             (no amulet)
HPRegen  0.13/turn              (no ring)
MPRegen  0.09/turn              (no ring)

@: confused
A: hooves 2, rot immunity
a: no special abilities


You were on level 4 of the Dungeon.
You were not hungry.

You visited 1 branch of the dungeon, and saw 4 of its levels.

You collected 140 gold pieces.

Inventory:

Hand Weapons
 a - a +0 mace (weapon)
Missiles
 d - 4 tomahawks (quivered)
Armour
 b - a +0 robe
 g - a +0 helmet (worn)
 k - a +0 leather armour
 t - a +0 chain mail (worn)
Jewellery
 i - an uncursed ring of protection from cold {unknown}
 j - an uncursed amulet of faith {unknown}
 q - a +1 ring of protection {unknown}
Scrolls
 e - 6 scrolls of identify {unknown}
 m - a scroll of remove curse {unknown}
 n - a scroll of random uselessness {unknown}
 o - 2 scrolls of enchant armour {unknown}
 p - a scroll of teleportation {unknown}
 s - a scroll of enchant weapon {unknown}
Potions
 f - a potion of lignification {unknown}
 h - a potion of flight {unknown}
 l - a potion of curing {unknown}
Comestibles
 c - 6 rations


   Skills:
 - Level 3.2 Fighting
 + Level 5.5 Maces & Flails
 - Level 3.0 Dodging
 - Level 1.8 Stealth


You had 4 spell levels left.
You didn't know any spells.

Dungeon Overview and Level Annotations

Branches:
Dungeon (4/15)
 Temple: D:4-7

Altars:
Ashenzari
Sif Muna
Uskayaw

Annotations:
D:4 smiqu's ghost, amateur DsWn


Innate Abilities, Weirdness & Mutations

You have hoof-like feet.
You are immune to rotting.


Message History

The orc wizard is moderately wounded.
The orc hits you.
The orc wizard hits you but does no damage.
You are electrocuted!
* * * LOW HITPOINT WARNING * * *
The orc priest hits you with a whip.
* * * LOW HITPOINT WARNING * * *
The orc wizard barely misses you.
You barely miss the orc wizard. You kick the orc wizard.
The orc wizard is heavily wounded.
The orc hits you.
* * * LOW HITPOINT WARNING * * *
The orc wizard looks braver for a moment.
The orc priest hits you but does no damage.
The orc wizard hits you but does no damage.
The orc hits you.
* * * LOW HITPOINT WARNING * * *
You hit the orc but do no damage. The orc wizard barely misses you.
The orc priest hits you with a whip.
You die...

#.# #.........# #.##
#.........## #..#
#.......a..# #..#
#..........# #..#
#..........#
#..####)######.....#
#...###.# .....
#.#.....# ##o.
##.o@######## .
#..ooo.......
#.....##.####
#...#.# #...#.#
#...#.# #####.#
#.########
#..><....#


You could see an orc priest, 2 orc wizards and an orc.

Vanquished Creatures
  A scorpion (D:4)
  A worker ant (D:4)
  2 adders
  2 oozes (D:2)
  A worm (D:2)
  5 dart slugs
  A leopard gecko (D:3)
  2 orcs
  16 giant cockroaches
  10 goblins
  9 hobgoblins
  10 jackals
  14 kobolds
  2 quokkas
  7 bats
  3 frilled lizards (D:1)
  5 rats
91 creatures vanquished.

Notes
Turn   | Place    | Note
-------+----------+-------------------------------------------
     0 | D:1      | Holzbalken the Demonspawn Monk began the quest for the Orb.
     0 | D:1      | Reached XP level 1. HP: 18/18 MP: 1/1
   267 | D:1      | Gained mutation: You are immune to rotting. [demonic ancestry]
   267 | D:1      | Reached XP level 2. HP: 21/24 MP: 2/2
   326 | D:1      | Reached skill level 3 in Maces & Flails
   729 | D:1      | Gained mutation: You have large cloven feet. [demonic ancestry]
   729 | D:1      | Reached XP level 3. HP: 29/29 MP: 3/3
  1623 | D:2      | Reached skill level 4 in Maces & Flails
  1860 | D:2      | Gained mutation: You have hoof-like feet. [demonic ancestry]
  1860 | D:2      | Reached XP level 4. HP: 35/35 MP: 4/4
  2131 | D:2      | You fall through a shaft!
  2249 | D:3      | Found a shattered altar of Ashenzari.
  2253 | D:3      | Found a deep blue altar of Sif Muna.
  2253 | D:3      | Found a hide-covered altar of Uskayaw.
  3186 | D:4      | Noticed smiqu's ghost (amateur DsWn)
  3251 | D:4      | Reached skill level 5 in Maces & Flails
  3251 | D:4      | Reached XP level 5. HP: 12/41 MP: 5/5
  3713 | D:4      | HP: 2/41 [orc (3)]
  3714 | D:4      | Slain by an orc priest

Skill      XL: |  1  2  3  4 |
---------------+-------------+-----
Maces & Flails | 3 4 5 |  5.5
Dodging        | 3 |  3.0
Fighting       | |  3.2
Stealth        | |  1.8

Action                   |  1- 3 |  4- 6 || total
-------------------------+-------+-------++-------
Melee: Mace              |   142 |   131 ||   273
       Kick              |    15 |    36 ||    51
  Use: Potion            |       |     1 ||     1
 Stab: Sleeping          |     5 |     3 ||     8
  Eat: Chunk             |     3 |     6 ||     9
Armor: Robe              |    10 |       ||    10
       Leather armour    |    16 |    27 ||    43
       Chain mail        |       |    19 ||    19
Dodge: Dodged            |   119 |    99 ||   218
